 Dungeon Crawl Stone Soup version 0.30-a0-377-g5cb311bc9f (webtiles) character file.

Game seed: 5246295998346064527

2855 avis the Cleaver (level 9, -5/84 HPs)
             Began as a Hill Orc Monk on Nov 28, 2022.
             Was a Believer of Beogh.
             Slain by a scorpion (6 damage)
             ... summoned by Amaemon
             ... on level 8 of the Dungeon on Nov 29, 2022.
             The game lasted 00:53:12 (8574 turns).

avis the Cleaver (Hill Orc Monk)                    Turns: 8574, Time: 00:53:15

Health: -5/84      AC:  8    Str: 22    XL:     9   Next: 75%
Magic:  9/9        EV:  8    Int: 10    God:    Beogh [**....]
Gold:   324        SH:  0    Dex: 15    Spells: 8/8 levels left

rFire   . . .      SeeInvis .    a - +0 hand axe (flame)
rCold   . . .      Faith    .    (no shield)
rNeg    . . .      Spirit   .    L - +0 chain mail
rPois   .          Reflect  .    (no helmet)
rElec   .          Harm     .    (no cloak)
rCorr   .          Rampage  .    (no gloves)
Will    .....                    (no boots)
Stlth   ..........               (no amulet)
HPRegen 0.34/turn                h - ring of wizardry
MPRegen 0.11/turn                O - +6 ring of strength

@: lethally poisoned (-5 -> -27), studying 2 skills
A: no striking features
a: Renounce Religion, Smiting


You were on level 8 of the Dungeon.
You worshipped Beogh.
Beogh was pleased with you.
You visited 2 branches of the dungeon, and saw 9 of its levels.
You also visited: Sewer.

You collected 324 gold pieces.

Inventory:

Hand Weapons
 a - a +0 hand axe of flaming (weapon)
 b - a +0 shortbow of flaming
 f - a +0 sling
 g - a +1 short sword of venom
 t - a +0 halberd
 u - a +0 spear
 w - a +1 vorpal mace
Missiles
 j - 10 boomerangs (quivered)
 l - 2 curare-tipped darts
 m - a throwing net
 S - 8 poisoned darts
Armour
 i - +0 steam dragon scales
 L - a +0 chain mail (worn)
Jewellery
 h - a ring of wizardry (left hand)
 K - a ring of ice
 O - a +6 ring of strength (right hand)
Wands
 s - a wand of charming (3)
 E - a wand of acid (22)
 N - a wand of polymorph (9)
Scrolls
 c - a scroll of amnesia
 d - a scroll of immolation
 e - a scroll of teleportation {unknown}
 n - 2 scrolls of enchant armour
 o - a scroll of acquirement {unknown}
 G - a scroll of magic mapping
 H - 2 scrolls of blinking
 M - 2 scrolls of fear
 Q - 2 scrolls of butterflies
Potions
 k - 5 potions of heal wounds
 p - a potion of mutation
 q - a potion of berserk rage
 r - 5 potions of curing
 z - a potion of might
 R - a potion of lignification
 T - 3 potions of cancellation


   Skills:
 + Level 9.6 Fighting
 - Level 14.0 Axes
 * Level 3.6 Ranged Weapons
 - Level 2.4 Dodging
 - Level 1.5 Stealth


You had 8 spell levels left.
You didn't know any spells.
Your spell library contained the following spells:

 Spells                   Type           Power      Damage    Failure   Level
 Apportation              Tloc           0%         N/A       80%         1
 Foxfire                  Conj/Fire      0%         2x1d4     80%         1
 Necrotise                Necr           0%         1d4       80%         1
 Summon Small Mammal      Summ           0%         N/A       80%         1
 Tukima's Dance           Hex            0%         N/A       98%         3
 Passage of Golubria      Tloc           0%         N/A       100%        4
 Fireball                 Conj/Fire      0%         3d3       100%        5
 Yara's Violent Unravell  Hex/Tmut       0%         3d3       100%        5
 Starburst                Conj/Fire      0%         6d3       100%        6


Dungeon Overview and Level Annotations

Branches:
Dungeon (8/15)             Temple (1/1) D:6           Sewer (visited)
   Lair: D:8-11

Altars:
Ashenzari
Fedhas
Trog
Vehumet
The Shining One

Annotations:
D:7 1 runed translucent door, bakla's ghost, novice MiCA
D:8 Amaemon


Message History

You burn Amaemon. You hit the scorpion. You burn the scorpion.
You kill the scorpion!
The scorpion's corpse disappears in a puff of smoke!
You hit the scorpion but do no damage.
You feel less wooden.
Your +0 chain mail unmelds from your body.
You feel sick. The orange demon stings you from afar. The ice beast hits you.
The ice beast freezes you! Amaemon completely misses you.
Amaemon closely misses you.
Amaemon tail-slaps you but does no damage.
The scorpion stings you.
You are more poisoned.
The scorpion poisons you!
The scorpion stings you but does no damage.
You slash Amaemon! You burn Amaemon.
Amaemon is almost dead.
You slash the scorpion! You burn the scorpion. You hit the ice beast.
You melt the ice beast.
You kill the ice beast!
Beogh accepts your kill.
You hit the scorpion. You burn the scorpion.
You feel very sick. The orange demon stings you from afar!
* * * LOW HITPOINT WARNING * * *
You are lethally poisoned!
The orange demon poisons you!
Amaemon mumbles some strange words.
* * * LOW HITPOINT WARNING * * *
You feel extremely sick.
The scorpion stings you but does no damage.
The scorpion stings you.
* * * LOW HITPOINT WARNING * * *
The scorpion attacks as you move away! The scorpion stings you.
* * * LOW HITPOINT WARNING * * *
The scorpion attacks as you move away!
The scorpion stings you but does no damage.
* * * LOW HITPOINT WARNING * * *
You feel extremely sick. The scorpion stings you.
You die...

#.#...)#†......#[##.#
###......#.#...#.#....#
#........#.#...#.######
#.....##.#.#...#..
#.....##.#.#.#####.
#.....##.#.#.# .# ###
#####....#.#.. # ..#
#.##.#.##. #.##
#####+#.@s.# #..#
#.....sss### ##.#
#........# #.#
#.....§64# #.#
#.......§# #..
##.......# ...
#..#..... ....
#..##.#.#. .... #..
....#.#


You could see Amaemon, an orange demon and 4 scorpions.

Vanquished Creatures
  Psyche (D:8)
  A wyvern (D:4)
  A steam dragon (D:7)
  A black bear (D:6)
  An ice beast (D:8)
  A sky beast (D:6)
  2 centaurs (D:6)
  2 ogres (D:4)
  3 phantoms
  2 kobold brigands
  2 bullfrogs (D:6)
  4 scorpions
  3 necrophages
  A howler monkey (D:6)
  A jelly (D:7)
  4 hounds
  3 gnoll boudas
  Terence (D:3)
  5 iguanas
  An orc wizard (D:6)
  17 gnolls
  5 adders
  A river rat (Sewer)
  2 white imps
  2 ufetubi
  3 worms
  6 dart slugs
  10 orcs
  16 ball pythons
  10 endoplasms
  4 giant cockroaches
  9 goblins
  6 hobgoblins
  5 jackals (D:2)
  5 quokkas
  A bat (D:1)
  4 frilled lizards
  14 kobolds
  3 rats
163 creatures vanquished.

Vanquished Creatures (others)
  An orc priest (D:7)
  An orc (D:7)
2 creatures vanquished.

Grand Total: 165 creatures vanquished

Notes
Turn   | Place    | Note
-------+----------+-------------------------------------------
     0 | D:1      | avis the Hill Orc Monk began the quest for the Orb.
     0 | D:1      | Reached XP level 1. HP: 19/19 MP: 1/1
   159 | D:1      | Reached XP level 2. HP: 20/26 MP: 2/2
   242 | D:1      | Reached skill level 5 in Axes
   579 | D:1      | Reached XP level 3. HP: 27/31 MP: 3/3
  1303 | D:2      | Reached skill level 6 in Axes
  1317 | D:2      | Reached XP level 4. HP: 36/40 MP: 4/4
  1801 | D:3      | Noticed Terence
  1817 | D:3      | Killed Terence
  1818 | D:3      | Reached XP level 5. HP: 30/47 MP: 5/5
  2496 | D:3      | Reached skill level 7 in Axes
  2689 | D:4      | Noticed an ogre
  2954 | D:4      | Killed an ogre
  2955 | D:4      | Reached skill level 5 in Fighting
  2955 | D:4      | Reached skill level 8 in Axes
  2955 | D:4      | Reached XP level 6. HP: 56/56 MP: 6/6
  3378 | D:4      | Found a broken altar of Ashenzari.
  3393 | D:4      | Reached skill level 9 in Axes
  3393 | D:4      | Reached XP level 7. HP: 62/62 MP: 7/7
  4021 | D:5      | Entered Level 5 of the Dungeon
  4567 | D:4      | Reached skill level 10 in Axes
  4838 | D:5      | Reached XP level 8. HP: 48/71 MP: 8/8
  5148 | D:5      | Noticed a wyvern
  5156 | D:4      | Killed a wyvern
  5283 | D:5      | Reached skill level 11 in Axes
  5500 | D:5      | Found a blossoming altar of Fedhas.
  5826 | D:6      | Reached skill level 12 in Axes
  5838 | D:6      | Found a glowing drain.
  5894 | Sewer    | Entered a sewer
  6066 | Sewer    | Reached XP level 9. HP: 75/81 MP: 9/9
  6521 | D:6      | Reached skill level 13 in Axes
  7076 | D:6      | Found a staircase to the Ecumenical Temple.
  7081 | Temple   | Entered the Ecumenical Temple
  7280 | D:7      | Found a radiant altar of Vehumet.
  7283 | D:7      | Became a worshipper of Beogh the Brigand
  7283 | D:7      | Reached * piety under Beogh
  7283 | D:7      | Reached ** piety under Beogh
  7614 | D:7      | Found a runed translucent door.
  7615 | D:7      | Noticed bakla's ghost (novice MiCA)
  8463 | D:8      | Reached skill level 14 in Axes
  8541 | D:8      | Noticed Psyche
  8544 | D:8      | Noticed Amaemon
  8551 | D:8      | Noticed an orange demon
  8553 | D:8      | Killed Psyche
  8574 | D:8      | HP: 1/84 [poisoned by an orange demon]
  8574 | D:8      | Slain by a scorpion

Illustrated notes

Levels and vault maps discovered:
D:1:      psy_arrival_spokes, layout_loops_ring, kennysheep_boxes
D:2:      layout_basic
D:3:      layout_basic, minmay_misc_feat_five, uniq_terence
D:4:      layout_gridville, ashenzari_altar_1
D:5:      layout_cave_pools, fedhas_altar_4, minivault_19,
          minmay_manual_monstrance
D:6:      minmay_inner_zag, layout_rooms, minmay_temple_entry_nine_rooms,
          gup_sewer_entry_glass, minmay_misc_feat_hallway, corexii_corridor_pit,
          minmay_misc_feat_columns, kennysheep_generic_room_14
D:7:      layout_loops_ring, fiery_altar_vehumet, ebering_ghost_reflecting_pool
D:8:      layout_basic, okawaru_gym_becter, uniq_psyche, uniq_maurice,
          uniq_amaemon
Temple:   nicolae_temple_great_sept

Skill      XL: |  1  2  3  4  5  6  7  8  9 |
---------------+----------------------------+-----
Axes           | 5 6 8 9 10 12 14 | 14.0
Fighting       | 4 5 6 8 9 |  9.6
Ranged Weapons | 3 |  3.6
Dodging        | |  2.4
Stealth        | |  1.5

Action                   |  1- 3 |  4- 6 |  7- 9 || total
-------------------------+-------+-------+-------++-------
Melee: Hand axe          |    31 |       |   302 ||   333
       Whip              |   112 |   186 |   165 ||   463
       Punch             |     3 |     4 |     6 ||    13
 Fire: Shortbow          |       |       |     2 ||     2
Throw: Boomerang         |       |     4 |     5 ||     9
       Dart              |       |     6 |     4 ||    10
       Throwing net      |       |     1 |     2 ||     3
Invok: Convert to Beogh  |       |       |     1 ||     1
Evoke: Wand              |       |       |     2 ||     2
  Use: Potion            |       |     2 |       ||     2
       Scroll            |       |       |    16 ||    16
 Stab: Sleeping          |     3 |       |       ||     3
       Held in net/web   |       |       |     1 ||     1
Armor: Robe              |     4 |       |       ||     4
       Scale mail        |    32 |    44 |    38 ||   114
       Chain mail        |       |       |    87 ||    87
       Skin              |       |       |    42 ||    42
Dodge: Dodged            |    57 |    80 |   134 ||   271

Table legend: (Time is in decaauts)
 A = Elapsed time spent in this place.
 B = Non-inter-level travel time spent in this place.
 C = Inter-level travel time spent in this place.
 D = Time resting spent in this place.
 E = Time spent auto-exploring this place.
 F = Levels seen in this place.
 G = Mean time per level.
                   A        B        C        D        E       F      G
               +--------+--------+--------+--------+--------+-----+--------+
         Total |   8538 |   7749 |    789 |   1781 |   3615 |  10 |  853.8 |
       Dungeon |   7952 |   7163 |    789 |   1763 |   3360 |   8 |  994.0 |
        Temple |     36 |     36 |      0 |      0 |      0 |   1 |   36.0 |
         Sewer |    549 |    549 |      0 |     18 |    255 |   1 |  549.0 |
               +--------+--------+--------+--------+--------+-----+--------+

Top non-repeatable levels by time:
     D:4: 1542 daAuts
     D:3: 1432 daAuts
     D:7: 1035 daAuts
     D:6: 1011 daAuts
     D:1: 940 daAuts
     D:5: 934 daAuts
     D:2: 804 daAuts
   Sewer: 549 daAuts
     D:8: 250 daAuts
  Temple: 36 daAuts
